General information
- name: BNet
- type: Ladder 1vs1/FFA
- host: Battle.net
- saver: LW-Stupidus
map: TidewaterGlades
- players: 2
- length: 22:25
- speed: Fast
- version: 1.23 W3XP
- replay type: Public
» download(89 KB)
Players
team 1 (winner)
LW-Stupidus (
orange | 92 APM | 2059 actions | 22:25)
3 Demon Hunter
2 Mana Burn
1 Evasion
3 Beastmaster
1 Summon Quilbeast
2 Summon Hawk
1 Goblin Tinker
1 Pocket Factory
» actions
| Assign group hotkey | 85 | |
| Basic commands | 95 | |
| Build / train | 74 | |
| ESC pressed | 1 | |
| Enter build submenu | 26 | |
| Enter hero's abilities submenu | 8 | |
| Give item / drop item | 1 | |
| Remove unit from queue | 2 | |
| Right click | 1043 | |
| Select / deselect | 363 | |
| Select group hotkey | 240 | |
| Use ability | 121 | |
2059 total
» units
| Wisp | 22 | |
| Archer | 2 | |
| Druid of the Talon | 9 | |
| Chimaera | 5 | |
38 total
» upgrades
| Druid of the Talon Training | 2 | |
| Corrosive Breath | 1 | |
| Nature's Blessing | 1 | |
4 total
» buildings
| Altar of Elders | 1 | |
| Moon Well | 6 | |
| Ancient of War | 5 | |
| Tree of Ages | 1 | |
| Ancient of Wonders | 2 | |
| Ancient of Wind | 3 | |
| Tree of Eternity | 3 | |
| Tree of Life | 1 | |
| Chimaera Roost | 2 | |
24 total
» build order
00:09 Altar of Elders
00:18 Moon Well
01:10 Ancient of War
01:37 Moon Well
02:00 Moon Well
02:48 Tree of Ages
04:55 Ancient of Wonders
05:31 Ancient of Wind
05:39 Ancient of Wind
05:40 Tree of Eternity
05:40 Tree of Eternity
06:09 Ancient of War
06:10 Ancient of War
06:19 Ancient of War
07:09 Ancient of War
08:26 Ancient of Wind
08:45 Ancient of Wonders
10:00 Moon Well
11:51 Tree of Life
13:24 Tree of Eternity
15:58 Chimaera Roost
16:01 Chimaera Roost
16:55 Moon Well
18:21 Moon Well
» items
| Boots of Speed | 1 | |
| Staff of Teleportation | 1 | |
| Potion of Healing | 5 | |
| Dust of Appearance | 1 | |
| Staff of Preservation | 1 | |
| Scroll of Town Portal | 4 | |
| Lesser Clarity Potion | 1 | |
| Scroll of Healing | 1 | |
15 total
team 2 (loser)

»
eStumpf (
teal | 111 APM | 2486 actions | 22:24)
4 Blademaster
2 Wind Walk
2 Critical Strike
3 Naga Sea Witch
1 Frost Arrows
2 Forked Lightning
» actions
| Assign group hotkey | 55 | |
| Build / train | 79 | |
| Enter build submenu | 29 | |
| Enter hero's abilities submenu | 7 | |
| Give item / drop item | 5 | |
| Remove unit from queue | 3 | |
| Right click | 1541 | |
| Select / deselect | 378 | |
| Select group hotkey | 267 | |
| Use ability | 122 | |
2486 total
» units
| Peon | 17 | |
| Grunt | 12 | |
| Raider | 5 | |
| Troll Witch Doctor | 5 | |
| Spirit Walker | 1 | |
40 total
» upgrades
| Berserker Strength | 1 | |
| Ensnare | 1 | |
| Witch Doctor Training | 2 | |
| Reinforced Defenses | 1 | |
| Armor | 1 | |
| Melee Weapons | 1 | |
7 total
» buildings
| Altar of Storms | 1 | |
| Orc Burrow | 10 | |
| Barracks | 1 | |
| Voodoo Lounge | 1 | |
| Stronghold | 2 | |
| War Mill | 1 | |
| Watch Tower | 10 | |
| Beastiary | 1 | |
| Fortress | 2 | |
| Spirit Lodge | 1 | |
30 total
» build order
00:07 Altar of Storms
00:18 Orc Burrow
00:37 Barracks
01:26 Orc Burrow
02:01 Voodoo Lounge
02:58 Stronghold
02:58 Stronghold
03:53 Orc Burrow
04:12 War Mill
06:12 Watch Tower
06:16 Watch Tower
06:25 Watch Tower
06:27 Watch Tower
09:55 Beastiary
11:44 Fortress
11:44 Fortress
12:26 Spirit Lodge
12:57 Orc Burrow
14:20 Orc Burrow
14:22 Orc Burrow
14:26 Orc Burrow
16:26 Orc Burrow
16:56 Orc Burrow
19:33 Orc Burrow
20:12 Watch Tower
20:13 Watch Tower
20:14 Watch Tower
20:15 Watch Tower
20:18 Watch Tower
21:11 Watch Tower
» items
| Circlet of Nobility | 1 | |
| Dust of Appearance | 1 | |
| Healing Salve | 6 | |
| Lesser Clarity Potion | 2 | |
| Scroll of Speed | 1 | |
| Boots of Speed | 1 | |
| Potion of Mana | 1 | |
| Scroll of Protection | 1 | |
14 total
Chat log
(17:38 / All) eStumpf: :}
(17:46 / All) LW-Stupidus: ,
(22:09 / All) eStumpf: gg....
(22:12 / All) LW-Stupidus: gg lol
(22:13 / All) eStumpf: how long did u have that expo?\
(22:16 / All) LW-Stupidus: a good while
(22:20 / All) eStumpf: fagit
(22:24 / All) LW-Stupidus: lol